 Dungeon Crawl Stone Soup version 0.21-a0-150-gc243083 (webtiles) character file.

91 Duffy the Skirmisher (level 4, 26/26 HPs)
             Began as a Vine Stalker Wanderer on July 27, 2017.
             Quit the game on level 3 of the Dungeon.
             The game lasted 00:01:41 (2569 turns).

Duffy the Skirmisher (Vine Stalker Wanderer)        Turns: 2569, Time: 00:01:42

Health: 26/26      AC:  5    Str: 13    XL:     4   Next: 59%
Magic:  5/5        EV:  8    Int: 13    God:
Gold:   92         SH:  0    Dex: 15    Spells: 3/3 levels left

rFire    . . .     SeeInvis .     - Unarmed
rCold    . . .     Gourm    .   (no shield)
rNeg     . . .     Faith    .   q - -1 scale mail (curse)
rPois    .         Spirit   +   (no helmet)
rElec    .         Reflect  .   (no cloak)
rCorr    .         Harm     .   (no gloves)
MR       .....                  (no boots)
Stlth    ..........             (no amulet)
HPRegen  0.48/turn              (no ring)
MPRegen  0.09/turn              (no ring)

@: no status effects
A: fangs 2, regeneration 1, magic shield, antimagic bite, no potion heal 3, rot
immunity
a: no special abilities


You were on level 3 of the Dungeon.
You were not hungry.

You visited 1 branch of the dungeon, and saw 3 of its levels.

You collected 92 gold pieces.

Inventory:

Missiles
 e - 27 bolts
Armour
 q - a cursed -1 scale mail (worn)
Scrolls
 a - a scroll of fear
 c - a scroll of enchant weapon {unknown}
 i - a scroll of magic mapping {unknown}
 j - a scroll of remove curse {unknown}
 k - a scroll of enchant armour {unknown}
 m - a scroll of identify {unknown}
 o - a scroll of teleportation {unknown}
Potions
 b - a potion of haste
 h - a potion of might {unknown}
 n - a potion of mutation {unknown}
 p - 4 potions of curing {unknown}
 r - a potion of heal wounds {unknown}
Comestibles
 d - a royal jelly
 f - 2 chunks of flesh
 g - 2 bread rations
 l - 2 fruits


   Skills:
 + Level 4.7 Fighting
   Level 1.0 Crossbows
 - Level 1.0 Armour
 - Level 1.2 Stealth
 + Level 3.2 Unarmed Combat
   Level 1.0 Evocations


You had 3 spell levels left.
You didn't know any spells.

Dungeon Overview and Level Annotations

Branches:
Dungeon (3/15)

Altars:
Dithmenos


Innate Abilities, Weirdness & Mutations

You have extremely sharp teeth.
Your natural rate of healing is unusually fast.
When hurt, damage is shared between your health and your magic reserves.
Your bite disrupts and absorbs the magic of your enemies.
Potions cannot restore your health.
You are immune to rotting.


Message History

No target in view!
No target in view!
No target in view!
No target in view!
No target in view!
No target in view!
No target in view!
r - an amethyst potion
Things that are here:
a dagger; a robe; the human corpse of Jessica You butcher the human corpse of Jessica.
f - 3 chunks of flesh (gained 1)
Things that are here:
a dagger; a robe; the human skeleton of Jessica
Things that are here:
a club; a blowgun; 21 poisoned needles
s - a book of Frost You drop a book of Frost.
Some of the chunks of flesh in your inventory have rotted away.
Are you sure you want to abandon this character and quit the game? (Confirm with "yes".)

... .. #######.#
# .......#.
....... ###....#
# #.....# .. #@.#
..# #..# ...#
######..# ....#
###.#.....#.....#
#................
#........##.....#
#.....<..# ......
#........# ....#
#.....)).# ....#


There were no monsters in sight!

Vanquished Creatures
  Jessica (D:3)
  An adder (D:2)
  An ooze (D:2)
  A worm (D:2)
  3 dart slugs (D:1)
  4 leopard geckos
  A ball python (D:1)
  6 bats
  A giant cockroach (D:2)
  A goblin (D:2)
  3 hobgoblins (D:2)
  A jackal (D:1)
  2 quokkas (D:2)
  6 frilled lizards
  4 kobolds
  4 rats
40 creatures vanquished.

Notes
Turn   | Place    | Note
-------+----------+-------------------------------------------
     0 | D:1      | Duffy the Vine Stalker Wanderer began the quest for the Orb.
     0 | D:1      | Duffy set off with: a scroll of fear, a potion of haste, a +0 short sword, a +0 hand crossbow, 27 bolts, a +0 robe, a bread ration
     0 | D:1      | Reached XP level 1. HP: 12/12 MP: 2/2
   293 | D:1      | Reached skill level 4 in Fighting
   293 | D:1      | Reached XP level 2. HP: 6/17 MP: 3/3
  1342 | D:2      | Reached XP level 3. HP: 21/21 MP: 4/4
  1608 | D:2      | Found a shadowy altar of Dithmenos.
  2343 | D:2      | Gained mutation: Your natural rate of healing is unusually fast. [Vine Stalker growth]
  2343 | D:2      | Reached XP level 4. HP: 16/26 MP: 5/5
  2544 | D:3      | Noticed Jessica
  2550 | D:3      | Killed Jessica
  2569 | D:3      | Quit the game

Vault maps used:
D:1:      saegor_arrival_under_anarchy
D:2:      grunt_dithmenos_smoke_and_mirrors
D:3:      ashenzari_conservatory_becter, portal_sewer_entry_d, uniq_terence,
          uniq_crazy_yiuf_cottage, uniq_jessica

Skill      XL: |  1  2  3  4 |
---------------+-------------+-----
Fighting       | 4 |  4.7
Unarmed Combat | 3 |  3.2
Crossbows      | |  1.0
Armour         | |  1.0
Stealth        | |  1.2
Evocations     | |  1.0

Action                   |  1- 3 |  4- 6 || total
-------------------------+-------+-------++-------
Melee: Short sword       |    21 |       ||    21
       Bite              |    41 |     2 ||    43
       Unarmed           |   108 |    10 ||   118
       Punch             |     1 |       ||     1
 Stab: Sleeping          |     4 |       ||     4
  Eat: Chunk             |     4 |     1 ||     5
Armor: Robe              |    14 |       ||    14
       Scale mail        |    11 |     3 ||    14
Dodge: Dodged            |    62 |     4 ||    66
